 Dungeon Crawl Stone Soup version 0.31-a0-37-g98a128e1d9 (webtiles) character file.

Game seed: 9528293100674116133

46320 pokeman the Eclecticist (level 14, 0/76 HPs)
             Began as a Deep Elf Hedge Wizard on May 15, 2023.
             Was a High Priest of Vehumet.
             Slain by a sixfirhy (9 damage)
             ... summoned by an obsidian statue
             ... in a Gauntlet.
             The game lasted 00:56:18 (20681 turns).

pokeman the Eclecticist (Deep Elf Hedge Wizard)    Turns: 20681, Time: 00:56:19

Health: 0/76       AC: 14    Str:  7    XL:     14   Next: 4%
Magic:  11/40      EV: 11    Int: 25    God:    Vehumet [*****.]
Gold:   1271       SH:  5    Dex: 14    Spells: 14/53 levels left

rFire   + . .        I - +1 short sword (venom)
rCold   x . .        (no shield)
rNeg    . . .        B - +0 acid dragon scales
rPois   +            V - +1 helmet
rElec   .            N - +1 cloak
rCorr   +            O - +0 pair of gloves
SInv    .            K - +0 pair of boots
Will    +....        T - amulet of reflection
Stlth   ++           u - ring of poison resistance
HPRegen 0.32/turn    t - ring of fire
MPRegen 0.27/turn

%: no teleportation, reflection
@: no status effects
A: no striking features
a: Renounce Religion


You were in a Gauntlet.
You worshipped Vehumet.
Vehumet was extremely pleased with you.
You visited 3 branches of the dungeon, and saw 19 of its levels.
You also visited: Ossuary and Gauntlet.

You collected 1411 gold pieces.
You spent 140 gold pieces at shops.

Inventory:

Hand Weapons
 I - a +1 short sword of venom (weapon)
Missiles
 H - 2 throwing nets
Armour
 a - a +1 leather armour of fire resistance
 B - +0 acid dragon scales (worn)
 K - a +0 pair of boots (worn)
 N - a +1 cloak (worn)
 O - a +0 pair of gloves (worn)
 U - a +0 buckler
 V - a +1 helmet (worn)
Magical Staves
 l - a staff of earth
Jewellery
 t - a ring of fire (right hand)
 u - a ring of poison resistance (left hand)
 w - a ring of protection from fire
 F - a +4 ring of protection
 T - an amulet of reflection (around neck)
 W - a ring of resist corrosion
Wands
 c - a wand of flame (9)
 e - a wand of charming (5)
 p - a wand of polymorph (4)
 z - a wand of roots (4)
 G - a wand of digging (2)
 S - a wand of quicksilver (6)
Scrolls
 m - 3 scrolls of blinking
 q - 2 scrolls of magic mapping
 r - 5 scrolls of teleportation
 s - a scroll of amnesia {unknown}
 y - 2 scrolls of enchant armour
 C - a scroll of fog
 E - a scroll of fear
 J - a scroll of brand weapon {unknown}
 M - a scroll of silence {unknown}
 P - 5 scrolls of immolation {unknown}
 Q - a scroll of torment {unknown}
 R - a scroll of vulnerability {unknown}
Potions
 d - 2 potions of magic
 f - 3 potions of mutation {unknown}
 g - 7 potions of degeneration {unknown}
 j - 7 potions of curing
 k - a potion of might {unknown}
 n - 5 potions of haste {unknown}
 o - a potion of berserk rage {unknown}
 v - 8 potions of heal wounds
 x - 4 potions of brilliance {unknown}
 A - 3 potions of attraction {unknown}
 L - 2 potions of resistance {unknown}
 X - a potion of flight
Miscellaneous
 b - a lightning rod (4/4)
 h - a tin of tremorstones (2/2)
 i - a phantom mirror
 D - a piece from Xom's chessboard (15/15)


   Skills:
 - Level 4.1 Fighting
 - Level 5.1 Armour
 - Level 3.0 Dodging
 - Level 3.0 Stealth
 + Level 6.0 Shields
 * Level 20.1 Spellcasting
 + Level 12.2 Conjurations
 - Level 1.1 Summonings
 - Level 2.0 Necromancy
 - Level 1.1 Translocations
 + Level 11.7 Fire Magic
 - Level 1.0 Air Magic
 - Level 1.1 Earth Magic
 - Level 1.1 Poison Magic
 - Level 1.3 Evocations


You had 14 spell levels left.
You knew the following spells:

 Your Spells              Type           Power      Damage    Failure   Level
a - Magic Dart            Conj           100%       1d8       0%          1
b - Mephitic Cloud        Conj/Pois/Air  49%        N/A       1%          3
c - Call Imp              Summ           60%        N/A       3%          2
d - Blink                 Tloc           60%        N/A       3%          2
e - Starburst             Conj/Fire      45%        6d13      1%          6
f - Fireball              Conj/Fire      45%        3d18      1%          5
g - Iron Shot             Conj/Erth      27%        9d6       9%          6
h - Flame Wave            Conj/Fire      91%        2d19      1%          4
i - Iskenderun's Battles  Conj           72%        2d12      1%          5
j - Apportation           Tloc           60%        N/A       1%          1
k - Iskenderun's Mystic   Conj/Tloc      55%        2d12      1%          4

Your spell library contained the following spells:

 Spells                   Type           Power      Damage    Failure   Level
 Necrotise                Necr           100%       1d9       1%          1
 Sandblast                Erth           60%        2d14      1%          1
 Summon Small Mammal      Summ           100%       N/A       1%          1
 Searing Ray              Conj           100%       2d8       1%          2
 Sublimation of Blood     Necr           35%        N/A       1%          2
 Dazzling Flash           Conj/Hex       100%       N/A       1%          3
 Inner Flame              Hex/Fire       69%        N/A       1%          3
 Stone Arrow              Conj/Erth      100%       3d13      1%          3
 Volatile Blastmotes      Fire/Tloc      100%       2d18      1%          3
 Sticky Flame             Conj/Fire      91%        2d10      1%          4
 Cigotuvi's Dreadful Rot  Necr/Pois/Air  64%        N/A       2%          2
 Slow                     Hex            100%       N/A       3%          1
 Passwall                 Tmut/Erth      23%        N/A       3%          2
 Vampiric Draining        Necr           35%        2d8       3%          3
 Wereblood                Tmut           25%        N/A       4%          2
 Call Canine Familiar     Summ           30%        N/A       6%          3
 Portal Projectile        Hex/Tloc       54%        N/A       7%          3
 Confusing Touch          Hex            25%        N/A       9%          3
 Manifold Assault         Tloc           30%        N/A       19%         4
 Passage of Golubria      Tloc           30%        N/A       19%         4
 Leda's Liquefaction      Hex/Erth       14%        N/A       24%         4
 Summon Ice Beast         Ice/Summ       27%        N/A       24%         4
 Spellforged Servitor     Conj/Summ      27%        N/A       38%         7
 Summon Mana Viper        Hex/Summ       27%        N/A       54%         5
 Silence                  Hex/Air        13%        N/A       56%         5
 Lehudib's Crystal Spear  Conj/Erth      27%        10d7      95%         8
 Monstrous Menagerie      Summ           15%        N/A       100%        7
 Storm Form               Tmut/Air       13%        N/A       100%        7
 Summon Hydra             Summ           15%        N/A       100%        7


Dungeon Overview and Level Annotations

Branches:
Dungeon (13/15)            Temple (1/1) D:4            Lair (5/5) D:10
  Swamp (0/4) Lair:2        Snake (0/4) Lair:2        Slime (0/5) Lair:5
    Orc (0/2) D:12        Ossuary (visited)         Gauntlet (1/1)
 Vaults: D:13-14

Altars:
Ashenzari
Cheibriados
Dithmenos
Elyvilon
Fedhas
Gozag
Hepliaklqana
Kikubaaqudgha
Makhleb
Nemelex Xobeh
Okawaru
Qazlal
Ru
Sif Muna
Trog
Uskayaw
Vehumet
Wu Jian
Xom
Yredelemnul
Zin
The Shining One

Shops:
D:1 (   D:4 =(:   D:6 !   D:12 (

Annotations:
D:12 1 runed translucent door, BlasphemerAmon's ghost, journeyman GnWr Gauntlet 11 transporters, 1 runed translucent door, exclusion: obsidian statue


Message History

Unknown command.
Unknown command.
You start resting.
An iron imp is nearby!
You hit the iron imp but do no damage.
The sixfirhy hits you but does no damage.
The sixfirhy closely misses you. The sixfirhy misses you.
You block the sixfirhy's attack.
The sixfirhy hits you but does no damage.
Unknown command.
Press: ? - help, v - describe, . - travel
Here: a sixfirhy (summoned, fast, unusually agile, unusually resistant)
The floor.
Aiming: Polymorph
Press: ? - help, Shift-Dir - straight line, f - sixfirhy
Aim: a sixfirhy (summoned, fast, unusually agile, unusually resistant, will become a lemure, a red devil, or a soul eater, chance to affect: 19%)
Okay, then.
Unknown command.
Aiming: Fastroot
Press: ? - help, Shift-Dir - straight line, f - sixfirhy
Aim: a sixfirhy (summoned, fast, unusually agile, unusually resistant)
The roots erupt in riotous growth!
Roots grab the sixfirhy.
The grasping roots constrict the sixfirhy.
You block the sixfirhy's attack.
Unknown command.
You hit the sixfirhy.
The sixfirhy is poisoned.
The sixfirhy is lightly wounded.
The grasping roots constrict the sixfirhy.
The roots release their grip on the sixfirhy.
The sixfirhy hits you. The sixfirhy shocks you!
Unknown command.
You hit the sixfirhy.
The sixfirhy is moderately wounded.
The sixfirhy hits you. The sixfirhy shocks you!
* * * LOW HITPOINT WARNING * * *
The sixfirhy hits you!
* * * LOW HITPOINT WARNING * * *
The sixfirhy shocks you!
You die...

YY..#...#≈≈.≈≈.≈≈≈#.∩.≈#
#####...#)..X≈.©x.#...##
........###########...≈#
8.....................#
.......8.....8.....8.##
######...............≈#
.#...#...#########...##
..#..#...#...##3.#...≈#
.##..#######..5#@#...##
..#..#...#?=#..#.#...≈#
©##..#©8©#©?#©#..#©8.##
..#..#...#.#5.#..#...≈#
.##..#####.#3..###...##
..#.2#...#8.##...#...≈#
.#..4#...#########...##
######...............≈#
.......8.....8.....8.##


You could see a large abomination, a sixfirhy (summoned, fast, agile, resistant,
very poisoned) and a small abomination.

Vanquished Creatures
  3 hydras
  2 catoblepae (Lair:4)
  4 two-headed ogres
  9 death yaks
  Pikel (D:8)
  An oklob plant (Lair:3)
  A salamander (Lair:2)
  An ugly thing (D:12)
  Joseph (D:8)
  Maurice (D:8)
  A manticore (D:9)
  A torpor snail (Lair:5)
  4 black mambas
  An unseen horror (D:11)
  A gargoyle (D:12)
  7 cane toads
  Maggie (D:6)
  8 rime drakes
  3 kobold demonologists
  6 komodo dragons
  2 trolls
  A polar bear (Lair:5)
  2 hornets (D:9)
  Prince Ribbit (D:6)
  2 dream sheep (Lair:5)
  24 blink frogs
  A wraith (D:12)
  21 wyverns
  A shadow (D:12)
  41 yaks
  Eustachio (D:6)
  6 basilisks
  A steam dragon (D:9)
  5 vampire mosquitoes (Lair:2)
  2 nagas (Lair:2)
  The ghost of BlasphemerAmon the Sneak, an amateur GrHu (D:4)
  9 water moccasins
  5 orc warriors
  An ice beast (D:7)
  A black bear (D:5)
  A sky beast (D:8)
  3 ogres
  16 wolves
  5 centaurs
  2 phantoms
  3 kobold brigands (D:11)
  10 bullfrogs
  2 gnoll sergeants
  3 scorpions
  3 wights (D:6)
  5 jellies
  8 howler monkeys
  4 electric eels (D:10)
  A lava snake (Lair:2)
  4 hounds
  A human zombie (Ossuary)
  9 orc priests
  2 gnoll boudas
  2 sleepcaps
  4 iguanas
  Ijyb (D:5)
  19 orc wizards
  2 hell rats (Lair:3)
  A statue (D:10)
  2 mummies (Ossuary)
  19 gnolls
  10 adders
  4 white imps
  5 dart slugs
  3 worms
  67 orcs
  7 ball pythons
  3 bats (D:1)
  6 endoplasms
  5 giant cockroaches
  2 gnoll zombies (Ossuary)
  10 goblins
  4 hobgoblins
  3 quokkas
  10 frilled lizards
  4 goblin zombies (Ossuary)
  5 hobgoblin zombies (Ossuary)
  11 kobolds
  2 orc zombies (Ossuary)
  4 rats
482 creatures vanquished.

Vanquished Creatures (collateral kills)
  An iguana (D:4)
  2 orcs (D:2)
  A ball python (D:2)
  A hobgoblin (D:4)
5 creatures vanquished.

Vanquished Creatures (others)
  An electric eel (D:10)
1 creature vanquished.

Grand Total: 488 creatures vanquished

Notes
Turn   | Place    | Note
-------+----------+-------------------------------------------
     0 | D:1      | pokeman the Deep Elf Hedge Wizard began the quest for the
                  | Orb.
     0 | D:1      | Reached XP level 1. HP: 10/10 MP: 7/7
   321 | D:1      | Reached XP level 2. HP: 16/16 MP: 3/9
   968 | D:1      | Found Nefo's Weapon Shop.
   977 | D:1      | Reached skill level 5 in Spellcasting
  1499 | D:2      | Reached XP level 3. HP: 20/20 MP: 7/11
  1503 | D:2      | Learned a level 3 spell: Mephitic Cloud
  1544 | D:1      | Learned a level 2 spell: Call Imp
  1547 | D:1      | Learned a level 2 spell: Blink
  1724 | D:2      | Reached skill level 1 in Armour
  1757 | D:2      | Reached skill level 1 in Fighting
  2056 | D:2      | Reached XP level 4. HP: 15/25 MP: 2/13
  2206 | D:2      | Learned a level 4 spell: Flame Wave
  3087 | D:3      | Reached skill level 6 in Spellcasting
  3087 | D:3      | Reached XP level 5. HP: 20/29 MP: 4/15
  3369 | D:4      | Noticed a phantom
  3404 | D:3      | Killed a phantom
  3525 | D:4      | Reached skill level 1 in Air Magic
  3534 | D:4      | Reached skill level 1 in Fire Magic
  3641 | D:4      | Reached skill level 1 in Poison Magic
  3676 | D:4      | Reached XP level 6. HP: 15/34 MP: 4/17
  3806 | D:4      | Reached skill level 1 in Evocations
  3989 | D:4      | Reached skill level 7 in Spellcasting
  4117 | D:4      | Found Viurhiwi's Jewellery Boutique.
  4118 | D:4      | Found Voskoefy's Weapon Shoppe.
  4120 | D:4      | Identified the +7 spear of Truncation {heavy, Drain rCorr
                  | Int+4}
  4240 | D:4      | Reached XP level 7. HP: 39/39 MP: 6/20
  4320 | D:4      | Found a large runed translucent door.
  4320 | D:4      | Found a large runed translucent door.
  4368 | D:4      | Found Suhickef's Book Emporium.
  4386 | D:4      | Found a staircase to the Ecumenical Temple.
  4399 | Temple   | Entered the Ecumenical Temple
  4475 | D:4      | Learned a level 1 spell: Apportation
  4747 | D:4      | Noticed BlasphemerAmon's ghost (amateur GrHu)
  4766 | D:5      | Entered Level 5 of the Dungeon
  5104 | D:5      | Reached skill level 8 in Spellcasting
  5347 | D:5      | Found a burning altar of Makhleb.
  5347 | D:5      | Noticed a balrug
  5387 | D:5      | Noticed Ijyb
  5445 | D:5      | Killed Ijyb
  5870 | D:5      | Found a shadowy altar of Dithmenos.
  5892 | D:5      | Reached XP level 8. HP: 44/44 MP: 11/22
  6090 | D:5      | Reached skill level 9 in Spellcasting
  6654 | D:6      | Noticed Eustachio
  6656 | D:6      | Noticed Maggie
  6699 | D:6      | Killed Maggie
  6700 | D:6      | Reached skill level 5 in Conjurations
  6704 | D:6      | Killed Eustachio
  6705 | D:6      | Reached skill level 10 in Spellcasting
  7215 | D:6      | Found Fotunot's Distillery.
  7220 | D:6      | Reached XP level 9. HP: 44/48 MP: 17/25
  7268 | D:6      | Bought a potion of heal wounds for 50 gold pieces
  7268 | D:6      | Bought a potion of curing for 30 gold pieces
  7268 | D:6      | Bought a potion of flight for 30 gold pieces
  7268 | D:6      | Bought a potion of lignification for 30 gold pieces
  7390 | D:6      | Found a sacrificial altar of Ru.
  7574 | D:6      | Reached skill level 11 in Spellcasting
  7983 | D:6      | Noticed Prince Ribbit
  7993 | D:6      | Killed Prince Ribbit
  7994 | D:6      | Reached skill level 5 in Fire Magic
  8237 | D:4      | Killed BlasphemerAmon's ghost
  8333 | D:7      | Found an opulent altar of Gozag.
  8560 | D:7      | Found a sand-covered staircase.
  8564 | D:7      | Identified the +4 rapier "Uliyphe" {heavy, rN+ Str+3}
  8568 | Ossuary  | Entered an ossuary
  9091 | D:7      | Found a glowing golden altar of the Shining One.
  9426 | D:8      | Noticed Maurice
  9435 | D:8      | Noticed Joseph
  9453 | D:8      | Killed Maurice
  9454 | D:8      | Reached skill level 12 in Spellcasting
  9454 | D:8      | Reached skill level 1 in Necromancy
  9454 | D:8      | Killed Joseph
  9583 | D:8      | Reached XP level 10. HP: 24/56 MP: 15/28
  9793 | D:8      | Noticed Pikel
  9804 | D:8      | Killed Pikel
  9805 | D:8      | Reached skill level 13 in Spellcasting
 10097 | D:8      | Noticed a two-headed ogre
 10126 | D:8      | Killed a two-headed ogre
 10535 | D:8      | Learned a level 4 spell: Iskenderun's Mystic Blast
 10542 | D:8      | Learned a level 6 spell: Starburst
 10821 | D:9      | Noticed a manticore
 10834 | D:9      | Killed a manticore
 11022 | D:9      | Reached skill level 14 in Spellcasting
 11622 | D:10     | Entered Level 10 of the Dungeon
 11807 | D:10     | Found an ancient bone altar of Kikubaaqudgha.
 11914 | D:10     | Found a radiant altar of Vehumet.
 11937 | D:10     | Became a worshipper of Vehumet
 12073 | D:10     | Reached XP level 11. HP: 33/61 MP: 24/31
 12181 | D:10     | Got the Vellum of the Missiles and Phantasms
 12369 | D:10     | Noticed a two-headed ogre
 12397 | D:10     | Killed a two-headed ogre
 12535 | D:10     | Found a staircase to the Lair.
 12630 | D:10     | Learned a level 5 spell: Iskenderun's Battlesphere
 12637 | D:10     | Learned a level 6 spell: Iron Shot
 13066 | D:11     | Reached skill level 1 in Earth Magic
 13543 | D:11     | Reached skill level 15 in Spellcasting
 13726 | D:12     | Found Xuegom's Antique Weapon Boutique.
 13736 | D:12     | Noticed a red ugly thing
 13819 | D:12     | Reached * piety under Vehumet
 13819 | D:12     | Offered knowledge of Shock by Vehumet.
 14001 | D:12     | Noticed a two-headed ogre
 14002 | D:12     | Noticed a two-headed ogre
 14003 | D:12     | Reached ** piety under Vehumet
 14012 | D:12     | Offered knowledge of Static Discharge by Vehumet.
 14015 | D:12     | Killed a two-headed ogre
 14030 | D:12     | Killed a two-headed ogre
 14031 | D:12     | Reached skill level 5 in Armour
 14085 | D:12     | Found a runed translucent door.
 14253 | D:12     | Killed a red ugly thing
 14334 | D:12     | Found a shimmering altar of Xom.
 14334 | D:12     | Noticed a +0 quarterstaff of chaos
 14335 | D:12     | Noticed BlasphemerAmon's ghost (journeyman GnWr)
 14416 | D:12     | Found a staircase to the Orcish Mines.
 14671 | D:13     | Noticed a red ugly thing
 15000 | Lair:1   | Entered Level 1 of the Lair of Beasts
 15013 | Lair:1   | Reached skill level 1 in Shields
 15015 | Lair:1   | Reached skill level 16 in Spellcasting
 15019 | Lair:1   | Offered knowledge of Frozen Ramparts by Vehumet.
 15130 | Lair:1   | Reached XP level 12. HP: 66/66 MP: 31/34
 15475 | Lair:1   | Reached *** piety under Vehumet
 15907 | Lair:2   | Noticed a seven-headed hydra
 15913 | Lair:2   | Killed a seven-headed hydra
 15915 | Lair:2   | Reached skill level 10 in Conjurations
 16082 | Lair:2   | Offered knowledge of Ignite Poison by Vehumet.
 16083 | Lair:2   | Reached skill level 17 in Spellcasting
 16187 | Lair:2   | Found a staircase to the Swamp.
 16305 | Lair:2   | Found a staircase to the Snake Pit.
 16481 | Lair:2   | Noticed a death yak
 16482 | Lair:2   | Noticed a death yak
 16482 | Lair:2   | Noticed a death yak
 16483 | Lair:2   | Noticed a death yak
 16498 | Lair:2   | Killed a death yak
 16498 | Lair:2   | Killed a death yak
 16500 | Lair:2   | Killed a death yak
 16500 | Lair:2   | Reached **** piety under Vehumet
 16500 | Lair:2   | Killed a death yak
 16501 | Lair:2   | Reached skill level 10 in Fire Magic
 17215 | Lair:3   | Reached skill level 18 in Spellcasting
 17392 | Lair:3   | Noticed a six-headed hydra
 17397 | Lair:3   | Offered knowledge of Fulminant Prism by Vehumet.
 17420 | Lair:3   | Reached XP level 13. HP: 41/70 MP: 3/37
 17821 | Lair:3   | Reached skill level 5 in Shields
 17894 | Lair:3   | Reached skill level 19 in Spellcasting
 17975 | Lair:3   | Reached ***** piety under Vehumet
 18133 | Lair:3   | Offered knowledge of Fireball by Vehumet.
 18146 | Lair:3   | Learned a level 5 spell: Fireball
 20270 | Lair:5   | Entered Level 5 of the Lair of Beasts
 20281 | Lair:5   | Reached skill level 20 in Spellcasting
 20420 | Lair:5   | Reached XP level 14. HP: 60/76 MP: 33/40
 20445 | Lair:5   | Found a gate leading to a gauntlet.
 20451 | Gauntlet | Entered a Gauntlet
 20451 | Gauntlet | Found a transporter.
 20454 | Gauntlet | Found a transporter.
 20455 | Gauntlet | Found a runed translucent door.
 20457 | Gauntlet | Found a transporter.
 20457 | Gauntlet | Found a transporter.
 20460 | Gauntlet | Found a transporter.
 20467 | Gauntlet | Found a transporter.
 20469 | Gauntlet | Found a transporter.
 20472 | Gauntlet | Found a transporter.
 20571 | Gauntlet | Found a transporter.
 20571 | Gauntlet | Found a transporter.
 20574 | Gauntlet | Found a transporter.
 20599 | Gauntlet | Found a transporter.
 20681 | Gauntlet | Slain by a sixfirhy

Illustrated notes

Levels and vault maps discovered:
D:1:      onia_arrival_mini_maze_b, layout_basic, serial_shops,
          nicolae_diamond_shop, minmay_hexomino_u4
D:2:      layout_basic, minmay_lizard_pond
D:3:      layout_rooms, kennysheep_cross_room, kennysheep_generic_room_13
D:4:      layout_basic, minmay_temple_entry_offerings, serial_shops, shop,
          nicolae_shop_scrapyard, shop, ebering_ghost_disaster_area,
          kennysheep_generic_room_6
D:5:      layout_loops_corners, makhleb_altar_promises_db,
          grunt_dithmenos_smoke, uniq_ijyb
D:6:      layout_basic, nicolae_ru_path_of_blood, nicolae_stop_n_shop_1,
          grunt_ministairs_12, uniq_maggie, uniq_prince_ribbit1, uniq_eustachio
D:7:      layout_loops_ring, nicolae_tso_carved_into_rock,
          mainiacjoe_overflow_small_starburst,
          lightli_ossuary_entry_decrepit_ruins
D:8:      layout_loops_ring, due_unseen_surprise, uniq_maurice, uniq_pikel,
          uniq_joseph
D:9:      layout_irregular_city, chequers_serial_rivers_micro_e
D:10:     layout_basic, general_overflow_altar, vehumet_statue,
          david_lair_shrubbed
D:11:     layout_irregular_city
D:12:     layout_rooms, hiddenorc2_lemuel, serial_shops,
          nicolae_shop_temple_entry_statues_fountains, ebering_ghost_xom
D:13:     gargoyle_guard, layout_small_grid, david_vaults_5, serial_shops,
          nicolae_shop_waterfront, st_stairs_9
Temple:   eino_wide_crystal_templ
Lair:1:   layout_chaotic_city, beast_lair_carwin_11, infiniplex_staircase_pool,
          grunt_megastairs_2, lemuel_fruit_fields
Lair:2:   layout_chaotic_city, minmay_swamp_entry_swarm,
          guppyfry_snake_entry_garden, columned_hall_lemuel
Lair:3:   layout_roguey [special_room_mythical_zoo], beast_lair_carwin_2
Lair:4:   layout_long_grid, st_stairs_12
Lair:5:   hellmonk_lair_end_abyssal_woods, layout_layer_cave, slime_entry_1,
          gauntlet_entry_generic, kennysheep_abandoned_house,
          lemuel_fruit_fields
Gauntlet: minmay_gauntlet_mixed_oops_all_seconds [minmay_gauntlet_arena_77_path,
          nicolae_gauntlet_arena_flowing_pool,
          minmay_gauntlet_arena_77_squiggly, nicolae_gauntlet_arena_blocks,
          minmay_gauntlet_arena_77_broken_ladder,
          gammafunk_gauntlet_arena_teeth,
          nicolae_gauntlet_exit_dead_adventurers]

Skill      XL: |  1  2  3  4  5  6  7  8  9 10 11 12 13 |
---------------+----------------------------------------+-----
Spellcasting   | 5 6 7 8 10 12 14 16 18 20 | 20.1
Armour         | 1 3 4 5 |  5.1
Fighting       | 1 2 3 4 |  4.1
Conjurations   | 2 3 4 5 7 8 9 10 12 | 12.2
Stealth        | 3 |  3.0
Dodging        | 3 |  3.0
Air Magic      | 1 |  1.0
Fire Magic     | 1 3 4 6 7 9 10 11 | 11.7
Poison Magic   | 1 |  1.1
Evocations     | 1 |  1.3
Necromancy     | 2 |  2.0
Earth Magic    | 1 |  1.1
Shields        | 1 4 6 |  6.0
Summonings     | |  1.1
Translocations | |  1.1

Action                     |  1- 3 |  4- 6 |  7- 9 | 10-12 | 13-15 || total
---------------------------+-------+-------+-------+-------+-------++-------
  Melee: Dagger            |    32 |    53 |    25 |       |       ||   110
         Spear             |       |       |    60 |    14 |       ||    74
         Punch             |       |       |     1 |     3 |     1 ||     5
         Short sword       |       |       |       |   193 |    98 ||   291
   Cast: Magic Dart        |   104 |   130 |   220 |   107 |     4 ||   565
         Call Imp          |     4 |     5 |     4 |     2 |       ||    15
         Mephitic Cloud    |     2 |    11 |    21 |    71 |     4 ||   109
         Blink             |       |     1 |     1 |     3 |       ||     5
         Flame Wave        |       |       |    21 |    43 |       ||    64
         Iskenderun's Batt |       |       |       |     5 |       ||     5
         Iskenderun's Myst |       |       |       |     8 |       ||     8
         Starburst         |       |       |       |    15 |    34 ||    49
         Fireball          |       |       |       |       |    61 ||    61
         Iron Shot         |       |       |       |       |     4 ||     4
  Evoke: Wand              |       |       |       |     4 |     2 ||     6
    Use: Scroll            |       |       |       |    10 |     1 ||    11
   Stab: Confused          |     2 |     4 |     8 |    22 |     2 ||    38
 Armour: Robe              |     6 |    13 |     3 |       |       ||    22
         Leather armour    |       |       |    15 |     1 |       ||    16
         Acid dragon scale |       |       |       |    85 |    59 ||   144
  Dodge: Dodged            |    22 |    34 |    64 |   156 |    68 ||   344
  Block: Other             |       |       |       |    44 |    34 ||    78
         Reflection        |       |       |       |     3 |       ||     3

Table legend: (Time is in decaauts)
 A = Elapsed time spent in this place.
 B = Non-inter-level travel time spent in this place.
 C = Inter-level travel time spent in this place.
 D = Time resting spent in this place.
 E = Time spent auto-exploring this place.
 F = Levels seen in this place.
 G = Mean time per level.
                   A        B        C        D        E       F      G
               +--------+--------+--------+--------+--------+-----+--------+
         Total |  20761 |  19814 |    947 |   1262 |  14910 |  21 |  988.6 |
       Dungeon |  14856 |  14028 |    828 |    648 |  10909 |  13 | 1142.8 |
        Temple |    105 |     81 |     24 |      0 |     40 |   1 |  105.0 |
          Lair |   5361 |   5267 |     94 |    609 |   3841 |   5 | 1072.2 |
       Ossuary |    208 |    208 |      0 |      0 |    119 |   1 |  208.0 |
      Gauntlet |    229 |    229 |      0 |      5 |      0 |   1 |  229.0 |
               +--------+--------+--------+--------+--------+-----+--------+

Top non-repeatable levels by time:
     D:6: 1884 daAuts
  Lair:3: 1792 daAuts
     D:5: 1685 daAuts
    D:10: 1568 daAuts
     D:8: 1455 daAuts
  Lair:4: 1403 daAuts
     D:4: 1394 daAuts
     D:1: 1385 daAuts
  Lair:2: 1172 daAuts
     D:2: 1139 daAuts
    D:11: 1002 daAuts
  Lair:1: 943 daAuts
     D:3: 906 daAuts
     D:7: 890 daAuts
     D:9: 844 daAuts
